Map: Inside and Out

Players

A.I. 1 (Very Easy) - Winner!

  • Race: Protoss Protoss
  • Spawn Location: 1:00

goblin

  • Race: Protoss Protoss
  • League: Grandmaster
  • Spawn Location: 7:00

VOD

Have the link to the VOD?

Description

Time

  • Played on: Aug. 1, 2022, 3:47 p.m.
  • Length: 7:38
Show
View Real Time Build Order
Export as new Build Order

A.I. 1 (Very Easy) Protoss - Winner!

Build Orders:  

Get SALT Encoding   

  12  0:00  Probe  
  13  0:13  Probe  
  14  0:20  Pylon  
  14  0:37  Assimilator  
  14  0:43  Gateway  
  14  0:46  Pylon  
  14  1:15  Assimilator  
  14  1:18  Probe  
  15  1:26  Probe  
  15  1:32  Cybernetics Core  
  16  1:34  Probe  
  17  1:45  Probe  
  18  1:56  Probe  
  18  1:58  Warp Gate  
  19  2:04  Probe  
  19  2:08  Stalker  
  22  5:31  Zealot  
  22  5:33  Probe  
  22  5:35  Pylon  
  25  5:37  Robotics Facility  
  25  5:41  Probe  
  25  5:49  Probe  
  27  5:59  Probe  
  26  6:06  Pylon  
  26  6:10  Probe  
  27  6:27  Observer, Zealot  
  30  6:48  Observer  
  31  7:12  Nexus  
  31  7:23  Stalker  
Show
View Real Time Build Order
Export as new Build Order

goblin Protoss 

Build Orders: 1 Gate Expand, Oracle Opening 

Get SALT Encoding   

  12  0:00  Probe  
  13  0:12  Probe  
  14  0:17  Pylon  
  14  0:24  Probe (Chrono Boost)  
  15  0:36  Probe (Chrono Boost)  
  15  0:38  Gateway  
  16  0:45  Probe (Chrono Boost)  
  16  0:47  Assimilator  
  17  0:50  Probe  
  18  1:03  Probe  
  19  1:20  Nexus  
  19  1:23  Probe  
  20  1:35  Cybernetics Core  
  20  1:37  Probe  
  21  1:45  Assimilator  
  21  1:49  Probe  
  21  1:53  Pylon  
  22  2:02  Probe (Chrono Boost)  
  23  2:12  Stargate  
  23  2:13  Probe (Chrono Boost)  
  23  2:14  Adept (Chrono Boost)  
  24  2:17  Probe (Chrono Boost)  
  27  2:26  Warp Gate  
  27  2:28  Probe  
  28  2:32  Probe  
  28  2:36  Stalker  
  31  2:40  Probe  
  32  2:45  Shield Battery  
  32  2:48  Probe  
  33  2:52  Probe  
  34  2:59  Oracle (Chrono Boost)  
  34  3:00  Probe  
  34  3:04  Probe  
  39  3:11  Shield Battery  
  39  3:12  Probe  
  40  3:17  Probe  
  41  3:24  Probe  
  44  3:29  Probe  
  45  3:35  Twilight Council  
  45  3:36  Probe  
  45  3:39  Pylon  
  46  3:43  Probe  
  46  3:47  Gateway x2  
  45  3:48  Probe  
  46  3:56  Assimilator  
  46  3:57  Probe  
  46  4:00  Probe  
  48  4:02  Blink (Chrono Boost)  
  48  4:09  Probe  
  49  4:13  Probe  
  49  4:14  Stalker  
  52  4:18  Pylon  
  52  4:24  Nexus  
  52  4:28  Probe x2  
  54  4:41  Stalker  
  54  4:42  Stalker x2  
  60  4:46  Gateway  
  60  4:51  Pylon  
  60  4:57  Pylon  
  60  5:02  Robotics Facility  
  60  5:04  Stalker  
  62  5:09  Sentry, Stalker  
  62  5:10  Forge  
  62  5:13  Probe x2  
  68  5:14  Shield Battery  
  68  5:26  Probe x2  
  70  5:33  Charge (Chrono Boost), Gateway  
  70  5:35  Probe  
  71  5:36  Gateway  
  71  5:38  Probe x2  
  71  5:39  Stalker  
  71  5:40  Protoss Ground Weapons Level 1 (Chrono Boost)  
  71  5:41  Stalker  
  77  5:47  Probe  
  78  5:51  Stalker  
  78  5:53  Probe  
  78  5:54  Probe  
  78  5:56  Stalker  
  84  5:59  Probe  
  84  6:04  Pylon  
  85  6:06  Probe x2  
  85  6:09  Observer  
  88  6:16  Probe, Gateway  
  88  6:17  Gateway  
  88  6:18  Probe  
  90  6:29  Stalker x3  
  90  6:31  Observer  
  97  6:33  Pylon  
  97  6:37  Zealot x2  
  97  6:39  Nexus  
  101  6:42  Pylon  
  101  6:48  Pylon  
  101  6:52  Stalker x3  
  107  6:56  Stalker  
  109  7:04  Stalker  
  111  7:09  Gateway x2  
  111  7:11  Pylon  
  111  7:15  Zealot x2  
  113  7:20  Zealot x2  
  113  7:22  Zealot  
  121  7:25  Zealot  
  121  7:27  Stalker  
  125  7:30  Zealot  
  125  7:32  Pylon  
Tags
 
Add a new tag
Caveats
  • Supply blocks, unpowered buildings, or Contaminate may cause inaccurate times.
  • Supply counts are checked every 10 seconds.